 Dungeon Sprint DCSS version 0.21.1-1-g345015f (webtiles) character file.

411 Melicamp the Covered (level 6, -1/51 HPs)
             Began as a Gnoll Wanderer on Apr 4, 2018.
             Was an Initiate of Makhleb.
             Slain by a yak (8 damage)
             ... in the Dungeon (Sprint I: "Red Sonja").
             The game lasted 00:04:22 (852 turns).

Melicamp the Covered (Gnoll Wanderer)                Turns: 852, Time: 00:04:23

Health: -1/51      AC:  3    Str: 16    XL:     6   Next: 90%
Magic:  13/13      EV: 15    Int: 13    God:    Makhleb [......]
Gold:   332        SH:  0    Dex: 16    Spells: 14/14 levels left

rFire    . . .     SeeInvis .   h - +0 scythe
rCold    . . .     Gourm    .   (shield currently unavailable)
rNeg     . . .     Faith    .   m - +0 leather armour
rPois    .         Spirit   .   (no helmet)
rElec    .         Reflect  .   (no cloak)
rCorr    .         Harm     .   (no gloves)
MR       .....     NoTele   +   (no boots)
Stlth    +++.......             (no amulet)
HPRegen  0.17/turn              (no ring)
MPRegen  0.13/turn              (no ring)

@: no status effects
A: distributed training, fangs 1, strong nose
a: Renounce Religion


You were in the Dungeon.
You worshipped Makhleb.
Makhleb was noncommittal.
You were not hungry.

You visited 1 branch You collected 332 gold pieces.

Inventory:

Hand Weapons
 b - a +0 shortbow
 h - a +0 scythe (weapon)
Missiles
 c - 21 arrows
Armour
 e - a +0 robe
 m - a +0 leather armour (worn)
Wands
 a - a wand of enslavement (13)
Scrolls
 l - a scroll of blinking
Potions
 d - a potion of lignification
 g - 2 potions of curing
 j - 2 potions of magic
Comestibles
 f - a ration


   Skills:
 + Level 5.6 Fighting
 + Level 4.9 Short Blades
 + Level 4.9 Long Blades
 + Level 4.9 Axes
 + Level 4.9 Maces & Flails
 + Level 4.9 Polearms
 + Level 4.9 Staves
 + Level 4.9 Slings
 + Level 6.8 Bows
 + Level 4.9 Crossbows
 + Level 4.9 Throwing
 + Level 6.8 Armour
 + Level 4.9 Dodging
 + Level 5.5 Stealth
 + Level 4.9 Shields
 + Level 4.9 Unarmed Combat
 + Level 4.9 Spellcasting
 + Level 4.0 Conjurations
 + Level 4.6 Hexes
 + Level 4.0 Charms
 + Level 4.0 Summonings
 + Level 4.0 Necromancy
 + Level 4.0 Translocations
 + Level 4.0 Transmutations
 + Level 4.0 Fire Magic
 + Level 5.6 Ice Magic
 + Level 4.0 Air Magic
 + Level 4.0 Earth Magic
 + Level 4.0 Poison Magic
 + Level 5.4 Invocations
 + Level 5.6 Evocations


You had 14 spell levels left.
You didn't know any spells.

Dungeon Overview and Level Annotations

Branches:
Dungeon (1/1)

Altars:
Cheibriados
Dithmenos
Elyvilon
Fedhas
Gozag
Hepliaklqana
Kikubaaqudgha
Makhleb
Okawaru
Qazlal
Ru
Sif Muna
Trog
Uskayaw
Vehumet
Wu Jian
Xom
Yredelemnul
Zin
The Shining One
Jiyva
Lugonu

Shops:
D %


Innate Abilities, Weirdness & Mutations

Your experience applies equally to all skills.
You have very sharp teeth.
Your uncanny sense of smell can sniff out nearby items.


Message History

You open the door.
A yak comes into view.
Found Otyreth's Food Emporium.
Found eight altars.
Found seven altars.
There is an open door here.
The helpless yak fails to defend itself.
You slash the yak! You bite the yak, but do no damage.
The yak is moderately wounded.
The yak gores you! The yak gores you.
You slash the yak! You bite the yak.
The yak is heavily wounded.
The yak gores you! The yak closely misses you.
You hit the yak.
The yak is severely wounded.
The yak gores you!
* * * LOW HITPOINT WARNING * * *
You slash the yak!
The yak is almost dead.
The yak closely misses you. The yak gores you!
You die...

###################
#<.#..'..#.['..#__#∆∆
#..'.)#..'..#..'..+∆∆
#..#####'#####'#__#
#..# #..#...#.####∆∆
#..#__####..##.# ∆∆
#..#_____##'#_.+
#⌠⌠#_.∩..Y@..._# ∆∆
####_..__##_.#+#
∆∆#____ ##+#∆ ∆∆∆∆
#### ∆ ∆ ∆ ∆∆ ∆∆ ∆ ∆
∆ ∆ ∆ ∆∆∆∆∆


You could see a yak.

Vanquished Creatures
  A slime creature (D)
  An ogre (D)
  Ijyb (D)
3 creatures vanquished.

Vanquished Creatures (collateral kills)
  Sigmund (D)
  A jelly (D)
2 creatures vanquished.

Vanquished Creatures (others)
  2 hornets (D)
2 creatures vanquished.

Grand Total: 7 creatures vanquished

Notes
Turn   | Place    | Note
-------+----------+-------------------------------------------
     0 | D        | Melicamp the Gnoll Wanderer began the quest for the Orb.
     0 | D        | Melicamp set off with: a wand of enslavement (15), a +0 shortbow, 27 arrows, a potion of lignification, a +0 robe, a ration, a potion of curing, a potion of heal wounds, a potion of haste, 2 potions of magic, a potion of berserk rage, a scroll of blinking
     0 | D        | Reached XP level 1. HP: 17/17 MP: 2/2
     1 | D        | Noticed Ijyb
    16 | D        | Killed Ijyb
    16 | D        | Reached skill level 1 in Short Blades
    16 | D        | Reached skill level 1 in Long Blades
    16 | D        | Reached skill level 1 in Axes
    16 | D        | Reached skill level 1 in Maces & Flails
    16 | D        | Reached skill level 1 in Polearms
    16 | D        | Reached skill level 1 in Staves
    16 | D        | Reached skill level 1 in Slings
    16 | D        | Reached skill level 1 in Crossbows
    16 | D        | Reached skill level 1 in Throwing
    16 | D        | Reached skill level 1 in Dodging
    16 | D        | Reached skill level 1 in Shields
    16 | D        | Reached skill level 1 in Unarmed Combat
    16 | D        | Reached skill level 1 in Spellcasting
    16 | D        | Reached skill level 1 in Conjurations
    16 | D        | Reached skill level 1 in Charms
    16 | D        | Reached skill level 1 in Summonings
    16 | D        | Reached skill level 1 in Necromancy
    16 | D        | Reached skill level 1 in Translocations
    16 | D        | Reached skill level 1 in Transmutations
    16 | D        | Reached skill level 1 in Fire Magic
    16 | D        | Reached skill level 1 in Air Magic
    16 | D        | Reached skill level 1 in Earth Magic
    16 | D        | Reached skill level 1 in Poison Magic
    16 | D        | Reached skill level 1 in Invocations
    16 | D        | Reached XP level 2. HP: 8/24 MP: 2/4
    16 | D        | Reached XP level 3. HP: 9/29 MP: 2/5
   249 | D        | Noticed an ogre
   261 | D        | Noticed Sigmund
   268 | D        | Killed Sigmund
   268 | D        | Reached skill level 5 in Bows
   268 | D        | Reached skill level 5 in Armour
   268 | D        | Reached XP level 4. HP: 30/37 MP: 5/8
   279 | D        | Found a deep blue altar of Sif Muna.
   280 | D        | Found an ornate altar of the Wu Jian Council.
   287 | D        | Found a radiant altar of Vehumet.
   289 | D        | Reached XP level 5. HP: 37/42 MP: 7/9
   313 | D        | Killed an ogre
   313 | D        | Reached skill level 5 in Ice Magic
   313 | D        | Reached XP level 6. HP: 23/50 MP: 9/12
   542 | D        | Found a burning altar of Makhleb.
   542 | D        | Found a viscous altar of Jiyva.
   542 | D        | Found a shimmering altar of Xom.
   542 | D        | Found a corrupted altar of Lugonu.
   542 | D        | Noticed a slime creature
   560 | D        | Killed a slime creature
   560 | D        | Reached skill level 5 in Fighting
   560 | D        | Reached skill level 5 in Stealth
   560 | D        | Reached skill level 5 in Invocations
   560 | D        | Reached skill level 5 in Evocations
   726 | D        | Killed a hornet
   734 | D        | Killed a hornet
   823 | D        | Became a worshipper of Makhleb the Destroyer
   847 | D        | Found Otyreth's Food Emporium.
   847 | D        | Found an ancient bone altar of Kikubaaqudgha.
   847 | D        | Found a hazy altar of Hepliaklqana.
   847 | D        | Found a hide-covered altar of Uskayaw.
   847 | D        | Found a basalt altar of Yredelemnul.
   847 | D        | Found an opulent altar of Gozag.
   847 | D        | Found a snail-covered altar of Cheibriados.
   847 | D        | Found a sacrificial altar of Ru.
   847 | D        | Found a shadowy altar of Dithmenos.
   847 | D        | Noticed a yak
   848 | D        | Found a stormy altar of Qazlal.
   848 | D        | Found a blossoming altar of Fedhas.
   848 | D        | Found a bloodstained altar of Trog.
   848 | D        | Found an iron altar of Okawaru.
   848 | D        | Found a glowing golden altar of the Shining One.
   848 | D        | Found a glowing silver altar of Zin.
   848 | D        | Found a white marble altar of Elyvilon.
   852 | D        | Slain by a yak

Skill      XL: |  1  2  3  4  5  6 |
---------------+-------------------+-----
Fighting       | 3 4 5 |  5.6
Short Blades   | 1 3 4 |  4.9
Long Blades    | 1 3 4 |  4.9
Axes           | 1 3 4 |  4.9
Maces & Flails | 1 3 4 |  4.9
Polearms       | 1 3 4 |  4.9
Staves         | 1 3 4 |  4.9
Slings         | 1 3 4 |  4.9
Crossbows      | 1 3 4 |  4.9
Throwing       | 1 3 4 |  4.9
Dodging        | 1 3 4 |  4.9
Shields        | 1 3 4 |  4.9
Unarmed Combat | 1 3 4 |  4.9
Spellcasting   | 1 3 4 |  4.9
Conjurations   | 1 2 3 4 |  4.0
Hexes          | 2 3 4 |  4.6
Charms         | 1 2 3 4 |  4.0
Summonings     | 1 2 3 4 |  4.0
Necromancy     | 1 2 3 4 |  4.0
Translocations | 1 2 3 4 |  4.0
Transmutations | 1 2 3 4 |  4.0
Fire Magic     | 1 2 3 4 |  4.0
Ice Magic      | 4 5 |  5.6
Air Magic      | 1 2 3 4 |  4.0
Earth Magic    | 1 2 3 4 |  4.0
Poison Magic   | 1 2 3 4 |  4.0
Invocations    | 1 3 4 5 |  5.4
Evocations     | 3 4 5 |  5.6
Bows           | 5 6 |  6.8
Armour         | 5 6 |  6.8
Stealth        | 3 4 5 |  5.5

Action                   |  1- 3 |  4- 6 || total
-------------------------+-------+-------++-------
Melee: Unarmed           |       |     7 ||     7
       Scythe            |       |     4 ||     4
       Bite              |       |     2 ||     2
 Fire: Shortbow          |    16 |    12 ||    28
Evoke: Wand              |     2 |       ||     2
  Use: Potion            |       |     3 ||     3
 Stab: Sleeping          |       |     1 ||     1
Armor: Robe              |     1 |       ||     1
Dodge: Dodged            |     4 |     6 ||    10
